 Dungeon Crawl Stone Soup version 0.22-a0-247-gbddf880 (webtiles) character file.

164 kuniqs the Shield-Bearer (level 5, -2/49 HPs)
             Began as a Deep Dwarf Fighter on Feb 25, 2018.
             Was an Initiate of Makhleb.
             Killed by nerve-wracking pain
             ... invoked by Grinder
              (8 damage)
             ... while paralysed by Grinder
             ... on level 4 of the Dungeon.
             The game lasted 00:03:43 (2456 turns).

kuniqs the Shield-Bearer (Deep Dwarf Fighter)       Turns: 2456, Time: 00:03:43

Health: -2/49      AC:  8    Str: 26    XL:     5   Next: 21%
Magic:  4/4        EV:  2    Int:  8    God:    Makhleb [......]
Gold:   169        SH:  0    Dex: 12    Spells: 4/4 levels left

rFire    . . .     SeeInvis .   j - +0 short sword (drain)
rCold    . . .     Gourm    .   c - +0 shield
rNeg     . . .     Faith    .   b - +0 scale mail
rPois    .         Spirit   .   (no helmet)
rElec    .         Reflect  .   (no cloak)
rCorr    .         Harm     .   (no gloves)
MR       .....                  s - +0 pair of boots
Stlth    ..........             (no amulet)
HPRegen  0.00/turn              (no ring)
MPRegen  0.09/turn              (no ring)

@: paralysed, mighty, non-regenerating
A: damage resistance, heal wounds, sense surroundings 1, no regeneration
a: Heal Wounds, Renounce Religion


You were on level 4 of the Dungeon.
You worshipped Makhleb.
Makhleb was noncommittal.
You were not hungry.

You visited 1 branch of the dungeon, and saw 4 of its levels.

You collected 169 gold pieces.

Inventory:

Hand Weapons
 a - a +0 war axe
 j - a +0 short sword of draining (weapon)
Armour
 b - a +0 scale mail (worn)
 c - a +0 shield (worn)
 s - a +0 pair of boots (worn)
Scrolls
 i - 5 scrolls of identify {unknown}
 k - a scroll of amnesia {unknown}
 m - 2 scrolls of magic mapping {unknown}
 n - 2 scrolls of remove curse {unknown}
 o - a scroll of teleportation {unknown}
 r - a scroll of noise {unknown}
Potions
 d - a potion of might
 e - 3 potions of agility {unknown}
 g - a potion of curing {unknown}
 h - a potion of resistance {unknown}
 l - 3 potions of flight {unknown}
 q - a potion of degeneration {unknown}
Comestibles
 f - 3 rations
 p - a chunk of flesh


   Skills:
 + Level 3.4 Fighting
 + Level 3.3 Axes
 + Level 4.1 Armour
 + Level 2.0 Dodging
 + Level 4.1 Shields
 + Level 0.4 Invocations


You had 4 spell levels left.
You didn't know any spells.

Dungeon Overview and Level Annotations

Branches:
Dungeon (4/15)
 Temple: D:4-7

Altars:
Dithmenos
Kikubaaqudgha
Makhleb
Vehumet

Annotations:
D:4 Grinder


Innate Abilities, Weirdness & Mutations

You are resistant to damage.
You can heal yourself by infusing magical energy.
You passively map a small area around you.
You do not regenerate.


Message History

Grinder gestures at you. Pain shoots through your body!
You closely miss Grinder. Grinder hits you but does no damage.
You hit Grinder. You block Grinder's attack.
You barely miss Grinder. Grinder gestures at you.
Pain shoots through your body!
You closely miss Grinder. Grinder gestures at you. You resist with some effort.
Grinder blinks!
Grinder gestures at you.
You suddenly lose the ability to move!
Grinder hits you but does no damage. x2
Grinder hits you!
* * * LOW HITPOINT WARNING * * *
You writhe in agony.
* * * LOW HITPOINT WARNING * * *
Grinder gestures at you. Pain shoots through your body!
You die...

#.......#.# * *
#.......#.# #.........#
#......#### * *
#......# * #####*
#......#### *
##....######.........#
*
.....................#,
,..........†>.@.......#
* *
###########.5.##.....#
, ##+#.#####'### *
#.....#......#
#.....#......# ,
#............# ,
...............# * , ,
................#
........#......)#


You could see Grinder.

Vanquished Creatures
  A centaur skeleton (D:4)
  3 adders
  2 worms
  3 dart slugs
  A leopard gecko (D:2)
  4 orcs (D:3)
  8 bats
  7 giant cockroaches
  14 goblins
  9 hobgoblins
  4 jackals (D:1)
  A quokka (D:3)
  3 frilled lizards
  15 kobolds
  8 rats
83 creatures vanquished.

Vanquished Creatures (others)
  A plant (D:4)
1 creature vanquished.

Grand Total: 84 creatures vanquished

Notes
Turn   | Place    | Note
-------+----------+-------------------------------------------
     0 | D:1      | kuniqs the Deep Dwarf Fighter began the quest for the Orb.
     0 | D:1      | Reached XP level 1. HP: 20/20 MP: 1/1
    33 | D:1      | Reached XP level 2. HP: 27/27 MP: 2/2
   144 | D:1      | Reached skill level 1 in Dodging
   210 | D:1      | Reached XP level 3. HP: 25/33 MP: 3/3
  1049 | D:2      | Found a shadowy altar of Dithmenos.
  1060 | D:2      | Reached XP level 4. HP: 28/42 MP: 4/4
  2214 | D:3      | Found an ancient bone altar of Kikubaaqudgha.
  2216 | D:3      | Found a radiant altar of Vehumet.
  2218 | D:3      | Found a burning altar of Makhleb.
  2221 | D:3      | Became a worshipper of Makhleb the Destroyer
  2414 | D:4      | Reached XP level 5. HP: 38/49 MP: 5/5
  2429 | D:4      | Noticed Grinder
  2452 | D:4      | Paralysed by Grinder for 7 turns
  2456 | D:4      | Killed from afar by Grinder

Vault maps used:
D:1:      dpeg_arrival_tiny_a, minmay_pentomino_s2
D:2:      minmay_diamond_boxcup, nicolae_dithmenos_shadow_blocks
D:3:      minitemple
D:4:      fedhas_altar_3, first_ration, uniq_grinder

Skill      XL: |  1  2  3  4 |
---------------+-------------+-----
Dodging        | 1 2 |  2.0
Fighting       | 3 |  3.4
Axes           | 3 |  3.3
Armour         | 4 |  4.1
Shields        | 4 |  4.1
Invocations    | |  0.4

Action                   |  1- 3 |  4- 6 || total
-------------------------+-------+-------++-------
Melee: War axe           |    91 |       ||    91
       Short sword       |    18 |   127 ||   145
 Abil: Heal Wounds       |       |     3 ||     3
  Use: Potion            |       |     1 ||     1
  Eat: Chunk             |     1 |     4 ||     5
Armor: Scale mail        |    51 |    39 ||    90
Dodge: Dodged            |    35 |    49 ||    84
Block: Shield            |    63 |    67 ||   130

Table legend:
 A = Spawn XP
 B = Non-spawn XP
 C = Spawn XP percentage of total XP
 D = Spawn monster count
 E = Non-spawn monster count
 F = Spawn count percentage of total count
 G = Total turns spent on level
                    A         B        C        D         E        F      G
               +---------+---------+-------+---------+---------+-------+---------
         Total |       0 |     235 |   0.0 |       0 |      83 |   0.0 |  2456
               +---------+---------+-------+---------+---------+-------+---------
           D:1 |       0 |      62 |   0.0 |       0 |      34 |   0.0 |   890
           D:2 |       0 |      75 |   0.0 |       0 |      28 |   0.0 |  1037
           D:3 |       0 |      55 |   0.0 |       0 |      19 |   0.0 |   460
           D:4 |       0 |      43 |   0.0 |       0 |       2 |   0.0 |    69
               +---------+---------+-------+---------+---------+-------+---------
